AoeStats
← Grimuka

Fortress

510156778Analyzed
4v4 RM · 3d ago on Sep 29, 2026· 62m 34s· 8 players
Game mode
Random Map
Map size
Huge
Population
200
Speed
Normal
Resources
Standard
Victory
Conquest
Starting age
Dark Age
Ending age
Imperial Age
RankedLock teamsTeams togetherTeam positionsShared explorationLock speedFull tech treeHidden civsTurbo modeCheats
Victory
Defeat
🇹🇷 Mongols · Türkiye
1008
+16
🇨🇳 Saracens · China
1005
+16
🇹🇷 Malay · Türkiye
948
+18
🇹🇷 Khmer · Türkiye
865
+22
🇨🇭 Byzantines · Switzerland
1012
-19
🇺🇸 Teutons · United States
1009
-18
🇨🇴 Burmese · Colombia
1008
-18
🇺🇸 Portuguese · United States
976
-17
RagingRaja
8:51 Feudal Age
10:00 Double-Bit Axe
9:59 Horse Collar
12:53 Castle Age
14:08 Bow Saw
13:59 Heavy Plow
14:30 Forging
17:35 Light Cavalry
23:05 Wheelbarrow
23:47 Bloodlines
23:38 Husbandry
24:44 Scale Barding Armor
25:15 Iron Casting
27:29 Chain Barding Armor
32:40 Imperial Age
29:57 Loom
30:28 Hand Cart
33:52 Conscription
32:54 Elite Organ Gun
35:29 Plate Barding Armor
35:55 Blast Furnace
35:19 Cavalier
36:03 Scale Mail Armor
37:19 Chemistry
43:22 Arquebus
44:55 Fletching
45:06 Padded Archer Armor
48:40 Elite Skirmisher
49:23 Bodkin Arrow
49:44 Leather Archer Armor
49:52 Ballistics
50:53 Pikeman
51:44 Halberdier
53:28 Chain Mail Armor
orb.blue
0:51 Loom
8:12 Feudal Age
11:51 Castle Age
10:22 Double-Bit Axe
10:51 Horse Collar
12:53 Wheelbarrow
13:00 Bow Saw
14:26 Heavy Plow
16:53 Gold Mining
20:15 Hand Cart
24:07 Imperial Age
22:26 Gold Shaft Mining
22:10 Scale Mail Armor
22:21 Forging
23:20 Chain Mail Armor
22:54 Arson
23:17 Squires
24:34 Iron Casting
24:20 Elite Varangian Guard
26:22 Plate Mail Armor
27:54 Two-Man Saw
27:35 Logistica
28:37 Scale Barding Armor
28:55 Conscription
30:06 Crop Rotation
30:21 Pikeman
31:45 Elite Cataphract
32:28 Greek Fire
34:51 Hoardings
34:46 Halberdier
39:49 Fletching
40:00 Padded Archer Armor
48:10 Bodkin Arrow
49:20 Chemistry
48:01 Treadmill Crane
48:17 Murder Holes
52:42 Ballistics
56:26 Bracer
60:39 Caravan
Grimuka
2:44 Loom
7:11 Feudal Age
7:23 Man-at-Arms
7:49 Arson
12:45 Castle Age
11:09 Horse Collar
12:19 Gold Mining
13:17 Scale Mail Armor
14:11 Gambesons
15:52 Squires
16:46 Forging
18:23 Long Swordsman
19:52 Wheelbarrow
20:34 Iron Casting
27:21 Imperial Age
28:14 Wheelbarrow
27:36 Stone Mining
28:22 Gold Shaft Mining
28:10 Chain Mail Armor
28:53 Two-Handed Swordsman
31:08 Conscription
31:14 Fletching
33:20 Murder Holes
33:46 Ballistics
34:54 Hand Cart
35:06 Masonry
35:08 Fortified Wall
34:43 Treadmill Crane
35:44 Parthian Tactics
36:27 Padded Archer Armor
36:51 Town Watch
37:02 Bodkin Arrow
37:21 Heavy Plow
38:59 Bracer
39:37 Heavy Cavalry Archer
41:38 Husbandry
41:48 Bloodlines
43:54 Chemistry
44:43 Scale Barding Armor
44:56 Howdah
45:34 Caravan
48:55 Blast Furnace
51:16 Chain Barding Armor
51:27 Plate Mail Armor
51:06 Pikeman
52:44 Plate Mail Armor
52:42 Halberdier
58:05 Elite Battle Elephant
63:22 Plate Barding Armor
kingjohnkk
1:30 Loom
7:07 Feudal Age
7:36 Double-Bit Axe
8:27 Wheelbarrow
7:35 Horse Collar
14:18 Castle Age
15:20 Hand Cart
15:16 Bow Saw
16:43 Heavy Plow
17:13 Scale Mail Armor
19:20 Stone Mining
20:14 Town Watch
20:31 Gold Mining
22:32 Forging
23:40 Iron Casting
25:17 Stone Shaft Mining
26:02 Elite Skirmisher
26:54 Padded Archer Armor
30:27 Imperial Age
29:47 Leather Archer Armor
29:23 Fletching
30:27 Bodkin Arrow
30:47 Squires
30:38 Pikeman
31:48 Fortified Wall
33:05 Two-Man Saw
32:45 Conscription
32:43 Chain Mail Armor
33:43 Blast Furnace
34:01 Ring Archer Armor
33:22 Arson
35:19 Crop Rotation
34:22 Capped Ram
35:35 Plate Mail Armor
36:01 Ironclad
36:35 Halberdier
39:42 Onager
43:36 Chemistry
53:28 Caravan
Akıncı
7:21 Feudal Age
11:10 Castle Age
9:38 Double-Bit Axe
9:52 Horse Collar
12:01 Bow Saw
19:39 Wheelbarrow
19:08 Stone Mining
21:30 Fletching
23:57 Bodkin Arrow
26:37 Imperial Age
25:12 Scale Barding Armor
26:15 Husbandry
26:26 Bloodlines
27:38 Padded Archer Armor
27:43 Bracer
27:13 Elite Mangudai
29:12 Leather Archer Armor
30:33 Chemistry
29:54 Ballistics
30:38 Chain Barding Armor
29:41 Light Cavalry
30:31 Heavy Plow
31:21 Forging
31:57 Conscription
32:14 Hand Cart
32:15 Siege Engineers
32:15 Gold Mining
32:38 Caravan
32:40 Hussar
34:12 Iron Casting
37:29 Blast Furnace
38:00 Loom
43:55 Nomads
49:14 Fortified Wall
49:00 Elite Skirmisher
49:48 Thumb Ring
50:09 Parthian Tactics
52:07 Heavy Camel Rider
54:02 Capped Ram
55:31 Siege Ram
林北大帝
7:05 Feudal Age
11:21 Castle Age
10:36 Double-Bit Axe
12:59 Horse Collar
14:56 Loom
15:48 Wheelbarrow
19:12 Heavy Plow
22:39 Gold Mining
22:40 Stone Mining
22:49 Stone Mining
23:50 Scale Barding Armor
25:25 Hand Cart
26:15 Chain Barding Armor
26:06 Forging
25:47 Fletching
26:46 Gold Shaft Mining
30:25 Imperial Age
28:34 Iron Casting
29:00 Bodkin Arrow
30:12 Ballistics
30:03 Fortified Wall
29:49 Murder Holes
30:05 Masonry
30:10 Town Watch
30:30 Padded Archer Armor
30:46 Husbandry
30:57 Bloodlines
30:08 Light Cavalry
30:56 Thumb Ring
30:43 Elite Mameluke
31:45 Conscription
32:14 Bow Saw
32:15 Town Patrol
32:54 Plate Barding Armor
33:29 Blast Furnace
34:57 Hoardings
34:33 Counterweights
34:14 Arrowslits
34:34 Siege Engineers
36:33 Bimaristan
37:24 Bracer
37:39 Leather Archer Armor
43:45 Chemistry
43:01 Caravan
43:32 Coinage
50:44 Banking
56:50 Two-Man Saw
56:36 Ring Archer Armor
56:36 Parthian Tactics
Chinggis Khan
7:38 Feudal Age
8:14 Double-Bit Axe
11:47 Castle Age
15:06 Wheelbarrow
18:46 Loom
19:26 Hand Cart
25:55 Pikeman
27:30 Arson
31:36 Gold Mining
33:35 Bow Saw
39:13 Imperial Age
40:16 Double Crossbow
40:37 Conscription
41:36 Heavy Scorpion
43:03 Gold Shaft Mining
43:39 Ballistics
43:32 Fortified Wall
43:38 Forging
43:29 Scale Mail Armor
47:45 Stone Mining
49:41 Halberdier
50:53 Siege Engineers
51:26 Iron Casting
51:06 Chain Mail Armor
51:37 Light Cavalry
52:27 Bloodlines
52:45 Hussar
53:34 Scale Barding Armor
54:30 Blast Furnace
54:45 Chain Barding Armor
61:21 Murder Holes
King of Negev
5:06 Loom
7:38 Feudal Age
13:40 Castle Age
11:53 Double-Bit Axe
12:13 Horse Collar
15:43 Bow Saw
15:35 Heavy Plow
24:17 Imperial Age
28:08 Forced Levy
30:14 Wheelbarrow
29:24 Town Watch
30:15 Caravan
30:14 Pikeman
34:41 Crop Rotation
34:03 Halberdier
34:43 Squires
34:29 Arson
34:05 Man-at-Arms
35:01 Forging
34:59 Scale Barding Armor
36:20 Hand Cart
37:07 Iron Casting
37:42 Long Swordsman
39:28 Blast Furnace
38:33 Two-Handed Swordsman
39:35 Husbandry
41:55 Chemistry
41:19 Ballistics
41:05 Siege Engineers
41:50 Elite Battle Elephant
62:34 Onager
Connection lost

Rejoining the realm…

Still unreachable

The connection could not be restored.

Session expired

The server has moved on; the page needs a fresh start.